 Dungeon Crawl Stone Soup version 0.31.0-12-g77e489cdc1 (webtiles) character file.

Game seed: 16697390163180614031

37865 lordive the Fencer (level 13, -4/117 HPs)
             Began as a Minotaur Monk on Feb 28, 2024.
             Was a High Priest of Okawaru.
             Slain by a seven-headed hydra (7 damage)
             ... on level 2 of the Lair of Beasts.
             The game lasted 00:39:51 (18890 turns).

lordive the Fencer (Minotaur Monk)                 Turns: 18890, Time: 00:39:52

Health: -4/117     AC: 17    Str: 19    XL:     13   Next: 60%
Magic:  17/19      EV: 17    Int:  9    God:    Okawaru [*****.]
Gold:   1057       SH:  0    Dex: 19    Spells: 12/12 levels left

rFire   . . .        Z - +4 dagger
rCold   . . .        (no shield)
rNeg    . . .        Y - +0 chain mail
rPois   .            (helmet restricted)
rElec   .            (no cloak)
rCorr   .            s - +2 pair of gloves
SInv    .            (no boots)
Will    .....        a - amulet of the acrobat
Stlth   +            g - +6 ring of dexterity
HPRegen 0.39/turn    (no ring)
MPRegen 0.16/turn

%: acrobat
@: about to teleport, heroic
A: horns 2, retaliatory headbutt
a: Renounce Religion, Heroism, Finesse, Duel


You were on level 2 of the Lair of Beasts.
You worshipped Okawaru.
Okawaru was extremely pleased with you.
You visited 3 branches of the dungeon, and saw 17 of its levels.
You also visited: Bailey.

You collected 1057 gold pieces.

Inventory:

Hand Weapons
 e - the +6 arbalest of Goalos {heavy, rC+ Will+ Str+3 Int+3}
   (You took it off a gnoll in a bailey)

   Str+3:     It affects your strength (+3).
   Int+3:     It affects your intelligence (+3).
   rC+:       It protects you from cold.
   Will+:     It increases your willpower.
 x - the +1 falchion of Desperation {pain, *Rage rN++ rCorr Str+2}
   (You found it on level 5 of the Dungeon)

   Str+2:     It affects your strength (+2).
   rN++:      It greatly protects you from negative energy.
   *Rage:     It berserks you when you make melee attacks (+20% chance).
   rCorr:     It protects you from acid and corrosion.
 N - a +4 great sword
 X - a +0 double sword of electrocution
 Z - a +4 dagger (weapon)
Missiles
 E - 9 curare-tipped darts (quivered)
 P - a throwing net
Armour
 m - a +0 plate armour
 s - a +2 pair of gloves (worn)
 V - a +0 buckler
 Y - a +0 chain mail (worn)
Jewellery
 a - an amulet of the acrobat (around neck)
 g - a +6 ring of dexterity (left hand)
 j - a ring of protection from cold
 y - a ring of magical power
 B - a ring of protection from cold
 D - a ring of ice
 F - an amulet of magic regeneration
 J - an amulet of faith
 M - a ring of resist corrosion
 S - a ring of positive energy
 U - a +6 ring of intelligence
Wands
 p - a wand of polymorph (21)
 O - a wand of digging (12)
 W - a wand of flame (31)
Scrolls
 b - 2 scrolls of silence {unknown}
 h - 3 scrolls of enchant weapon {unknown}
 k - 7 scrolls of teleportation
 l - a scroll of enchant armour {unknown}
 u - a scroll of torment {unknown}
 w - a scroll of blinking {unknown}
 C - a scroll of noise {unknown}
 G - 3 scrolls of revelation {unknown}
 H - a scroll of fog {unknown}
 I - a scroll of acquirement
 L - 4 scrolls of vulnerability {unknown}
 T - 4 scrolls of fear {unknown}
Potions
 c - 2 potions of ambrosia
 d - 3 potions of mutation
 f - 2 potions of haste
 i - 3 potions of magic
 o - 2 potions of brilliance
 q - 7 potions of curing
 r - 3 potions of enlightenment
 v - 3 potions of might
 z - 4 potions of heal wounds
 A - 2 potions of resistance
 K - 4 potions of attraction
 Q - 2 potions of lignification {unknown}
Miscellaneous
 n - a condenser vane
 R - a lightning rod (4/4)


   Skills:
 + Level 11.8(16.8) Fighting
 + Level 17.0(22.0) Long Blades
 + Level 11.7(16.7) Armour
 * Level 11.2(16.2) Dodging
 - Level 0.2(5.2) Stealth
 * Level 9.6 Invocations


You had 12 spell levels left.
You didn't know any spells.
Your spell library contained the following spells:

 Spells                   Type           Power      Damage    Failure   Level
 Apportation              Tloc           0%         N/A       86%         1
 Shock                    Conj/Air       0%         1d3       86%         1
 Blink                    Tloc           0%         N/A       95%         2
 Cigotuvi's Dreadful Rot  Necr/Alch/Air  0%         N/A       95%         2
 Ensorcelled Hibernation  Hex/Ice        0%         N/A       95%         2
 Lesser Beckoning         Tloc           0%         N/A       95%         2
 Momentum Strike          Conj/Tloc      0%         3d8       95%         2
 Scorch                   Fire           0%         2d5       95%         2
 Dazzling Flash           Conj/Hex       0%         N/A       99%         3
 Fugue of the Fallen      Necr           0%         N/A       99%         3
 Gell's Gravitas          Tloc           0%         N/A       99%         3
 Mephitic Cloud           Conj/Alch/Air  0%         N/A       99%         3
 Ozocubu's Armour         Ice            0%         N/A       99%         3
 Swiftness                Air            0%         N/A       99%         3
 Teleport Other           Tloc           0%         N/A       99%         3
 Volatile Blastmotes      Fire/Tloc      0%         2d10      99%         3
 Airstrike                Air            0%         2d(0-16)  100%        4
 Anguish                  Hex/Necr       0%         N/A       100%        4
 Cause Fear               Hex            0%         N/A       100%        4
 Dimensional Bullseye     Hex/Tloc       0%         N/A       100%        4
 Flame Wave               Conj/Fire      0%         2d4       100%        4
 Ignite Poison            Fire/Alch      0%         N/A       100%        4
 Manifold Assault         Tloc           0%         N/A       100%        4
 Curse of Agony           Necr           0%         N/A       100%        5
 Fireball                 Conj/Fire      0%         3d3       100%        5
 Freezing Cloud           Conj/Ice/Air   0%         6-21      100%        5
 Silence                  Hex/Air        0%         N/A       100%        5
 Enfeeble                 Hex            0%         N/A       100%        7
 Polar Vortex             Ice            0%         N/A       100%        9
 Summon Cactus Giant      Summ           Unusable   N/A       N/A         6
 Dragon's Call            Summ           Unusable   N/A       N/A         9

Dungeon Overview and Level Annotations

Branches:
Dungeon (14/15)            Temple (1/1) D:4            Lair (2/5) D:8
    Orc (0/2) D:10         Vaults (0/5) D:14         Bailey (visited)
  Swamp: Lair:2-3    Shoals: Lair:2-3     Snake: Lair:2-3    Spider: Lair:2-3

Altars:
Ashenzari
Cheibriados
Dithmenos
Elyvilon
Fedhas
Gozag
Hepliaklqana
Kikubaaqudgha
Makhleb
Nemelex Xobeh
Okawaru
Qazlal
Ru
Sif Muna
Trog
Uskayaw
Vehumet
Wu Jian
Xom
Yredelemnul
Zin
The Shining One

Shops:
D:2 :   D:6 *   D:8 (   D:10 *

Annotations:
D:9 2 transporters, hawla's ghost, novice MiFi
D:10 3 runed translucent doors, exclusion: statue, peterlawrence's ghost, journeyman MiFi


Innate Abilities, Weirdness & Mutations

You have a pair of horns on your head.
You reflexively headbutt those who attack you in melee.


Message History

The seven-headed hydra barely misses you.
The seven-headed hydra bites you! The seven-headed hydra bites you.
The seven-headed hydra bites you but does no damage.
The seven-headed hydra bites you.
You are too injured to fight recklessly!
Unknown command.
You gain the combat prowess of a mighty hero.
The seven-headed hydra misses you. x2
The seven-headed hydra bites you but does no damage. x2
The seven-headed hydra barely misses you.
The seven-headed hydra bites you. The seven-headed hydra misses you.
You hit the seven-headed hydra.
The seven-headed hydra is heavily wounded.
You hit the seven-headed hydra. You headbutt the seven-headed hydra!
The seven-headed hydra is severely wounded.
The seven-headed hydra bites you. x2
The seven-headed hydra bites you but does no damage.
The seven-headed hydra bites you!
* * * LOW HITPOINT WARNING * * *
The seven-headed hydra barely misses you. x2
The seven-headed hydra bites you!
* * * LOW HITPOINT WARNING * * *
You feel much better. The seven-headed hydra bites you!
* * * LOW HITPOINT WARNING * * *
The seven-headed hydra bites you but does no damage. x2
The seven-headed hydra bites you!
* * * LOW HITPOINT WARNING * * *
The seven-headed hydra bites you!
* * * LOW HITPOINT WARNING * * *
The seven-headed hydra bites you but does no damage.
The seven-headed hydra barely misses you.
Okay, then.
As you read the scroll of teleportation, it crumbles to dust.
You feel strangely unstable.
The seven-headed hydra completely misses you.
The seven-headed hydra bites you.
* * * LOW HITPOINT WARNING * * *
The seven-headed hydra barely misses you.
The seven-headed hydra bites you!
You die...

♣♣.♣♣♣♣♣♣♣ ♣♣.♣♣#<÷.............P
##### ###♣.♣ ######..........#
#.>.## ♣♣..♣.♣ ♣♣..♣#..........#
.....#♣♣♣..♣♣.♣♣♣..♣♣#...........
.....∩.♣..♣♣♣.♣♣..♣♣............#
.....#♣..♣♣♣♣.♣..♣♣.♣#...........
#<.<##.............♣♣#...........
######################†.........#
...$..D@......#........#
............###........#
.......#...####........#
.?...........##.......^#
.............##........#
..............#.........
.......................#
........................
.......................#


You could see a seven-headed hydra.

Vanquished Creatures
  Kirke (D:12)
  An orc warlord (Bailey)
  A boulder beetle (D:12)
  A tengu warrior (D:13)
  A two-headed ogre (D:14)
  2 death yaks
  Urug (D:8)
  A swamp dragon (shapeshifter) (D:14)
  A wolf spider (shapeshifter) (D:14)
  A deep elf pyromancer (D:11)
  2 ugly things
  2 cyclopes
  A manticore (D:11)
  3 elephants
  2 black mambas
  An orange demon (D:12)
  Joseph (D:8)
  A black mamba (shapeshifter) (D:14)
  7 cane toads
  2 gargoyles
  A smoke demon (D:12)
  A torpor snail (Lair:2)
  A kobold demonologist (D:12)
  An unseen horror (D:12)
  3 rime drakes
  9 komodo dragons
  A red devil (D:12)
  A tengu conjurer (D:14)
  2 polar bears (Lair:2)
  8 trolls
  5 blink frogs
  Grinder (D:3)
  3 shadows
  2 vampires
  A hog (D:12)
  8 wyverns
  41 yaks
  5 basilisks
  4 humans (D:12)
  A steam dragon (D:6)
  2 acid dragons
  10 water moccasins
  18 orc warriors
  A sky beast (D:8)
  A swamp drake (D:10)
  4 black bears
  An ogre (D:6)
  3 wolves (Lair:1)
  3 phantoms
  5 centaurs
  2 kobold brigands
  6 bullfrogs
  A gnoll sergeant (D:13)
  4 scorpions
  14 wights
  2 howler monkeys
  A crimson imp (D:12)
  A bombardier beetle (D:5)
  8 orc priests
  6 jellies
  3 gnoll boudas
  2 hounds (D:5)
  An iron imp (D:12)
  2 sleepcaps
  5 iguanas
  Ijyb (D:3)
  13 orc wizards
  Robin (D:4)
  30 gnolls
  7 adders
  3 shadow imps
  3 white imps
  4 ufetubi
  4 dart slugs
  41 orcs
  6 endoplasms
  3 giant cockroaches
  33 goblins
  19 hobgoblins
  12 jackals
  12 kobolds
  4 quokkas
  5 ball pythons
  7 bats
  4 frilled lizards
  2 rats
452 creatures vanquished.

Notes
Turn   | Place    | Note
-------+----------+-------------------------------------------
     0 | D:1      | lordive the Minotaur Monk began the quest for the Orb.
     0 | D:1      | Reached XP level 1. HP: 19/19 MP: 0/0
   261 | D:1      | Reached XP level 2. HP: 19/27 MP: 1/1
   431 | D:1      | Reached skill level 4 in Long Blades
   504 | D:1      | Reached XP level 3. HP: 31/33 MP: 2/2
   945 | D:2      | Reached skill level 1 in Armour
  1190 | D:2      | Found Qehunily's Book Shoppe.
  1317 | D:2      | Reached XP level 4. HP: 41/41 MP: 3/3
  1576 | D:3      | Found an iron altar of Okawaru.
  1703 | D:3      | Noticed Ijyb
  1710 | D:3      | Reached skill level 5 in Long Blades
  1714 | D:3      | Killed Ijyb
  1715 | D:3      | Reached XP level 5. HP: 44/47 MP: 4/4
  2103 | D:3      | Noticed Grinder
  2106 | D:3      | Paralysed by Grinder for 5 turns
  2114 | D:3      | Paralysed by Grinder for 3 turns
  2122 | D:3      | Killed Grinder
  2123 | D:3      | Reached skill level 5 in Fighting
  2123 | D:3      | Reached skill level 6 in Long Blades
  2123 | D:3      | Reached XP level 6. HP: 11/56 MP: 5/5
  2305 | D:3      | Found a hide-covered altar of Uskayaw.
  2432 | D:3      | Found a sparkling altar of Nemelex Xobeh.
  2504 | D:3      | Became a worshipper of Warmaster Okawaru
  2504 | D:3      | Reached * piety under Okawaru
  2504 | D:3      | Reached ** piety under Okawaru
  2663 | D:4      | Noticed Robin
  2678 | D:4      | Killed Robin
  3039 | D:4      | Reached skill level 1 in Invocations
  3039 | D:4      | Reached XP level 7. HP: 57/61 MP: 6/6
  3110 | D:4      | Reached skill level 7 in Long Blades
  3242 | D:4      | Found a staircase to the Ecumenical Temple.
  3298 | Temple   | Entered the Ecumenical Temple
  3496 | D:5      | Entered Level 5 of the Dungeon
  3496 | D:5      | Found a glowing golden altar of the Shining One.
  3496 | D:5      | Found an opulent altar of Gozag.
  3496 | D:5      | Found a shadowy altar of Dithmenos.
  3678 | D:5      | Reached *** piety under Okawaru
  3682 | D:5      | Reached XP level 8. HP: 41/70 MP: 8/8
  3691 | D:5      | Reached skill level 5 in Armour
  4062 | D:5      | Reached skill level 8 in Long Blades
  4064 | D:5      | Reached skill level 5 in Dodging
  4118 | D:5      | Identified the +1 falchion of Desperation {pain, *Rage rN++
                  | rCorr Str+2}
  4329 | D:5      | Found a glowing silver altar of Zin.
  4411 | D:5      | Found a snail-covered altar of Cheibriados.
  4660 | D:6      | Got the Precepts of Translocational Refrigeration
  4706 | D:6      | Found Wucor's Fire Supplies.
  4753 | D:6      | Found a basalt altar of Yredelemnul.
  4767 | D:6      | Found a burning altar of Makhleb.
  4961 | D:6      | Reached skill level 9 in Long Blades
  5211 | D:6      | Reached **** piety under Okawaru
  5591 | D:7      | Reached XP level 9. HP: 74/78 MP: 10/10
  5790 | D:7      | Found a flagged portal.
  5829 | Bailey   | Entered a bailey
  5878 | Bailey   | Reached skill level 10 in Long Blades
  6613 | Bailey   | Reached ***** piety under Okawaru
  6617 | Bailey   | Noticed an orc warlord
  6778 | Bailey   | Identified the +6 arbalest of Goalos {heavy, rC+ Will+
                  | Str+3 Int+3}
  6940 | Bailey   | Killed an orc warlord
  6941 | Bailey   | Reached skill level 11 in Long Blades
  6941 | Bailey   | Reached skill level 5 in Invocations
  6941 | Bailey   | Reached XP level 10. HP: 42/88 MP: 4/12
  7860 | D:8      | Received a gift from Okawaru
  7904 | D:8      | Noticed an elephant
  7905 | D:8      | Found a staircase to the Lair.
  7905 | D:8      | Noticed Joseph
  7922 | D:8      | Killed an elephant
  7939 | D:8      | Killed Joseph
  7940 | D:8      | Reached skill level 12 in Long Blades
  8262 | D:8      | Found Keriogg's Antique Weapon Shop.
  8470 | Lair:1   | Entered Level 1 of the Lair of Beasts
  8470 | Lair:1   | Noticed Urug
  8801 | D:9      | Found a broken altar of Ashenzari.
  8950 | D:9      | Reached XP level 11. HP: 87/97 MP: 14/14
  9219 | D:9      | Found an ornate altar of the Wu Jian Council.
  9309 | D:9      | Found a transporter.
  9309 | D:9      | Found a transporter.
  9309 | D:9      | Noticed hawla's ghost (novice MiFi)
  9755 | D:10     | Entered Level 10 of the Dungeon
  9938 | D:10     | Found a staircase to the Orcish Mines.
 10333 | D:10     | Reached skill level 13 in Long Blades
 10550 | D:10     | Found a radiant altar of Vehumet.
 10629 | D:10     | Received a gift from Okawaru
 10815 | D:10     | Found a runed translucent gate.
 10815 | D:10     | Found a runed translucent gate.
 10815 | D:10     | Found a runed translucent gate.
 10815 | D:10     | Found an opulent altar of Gozag.
 10816 | D:10     | Found Laadeym's Assorted Antiques.
 10816 | D:10     | Noticed a boulder beetle
 10816 | D:10     | Noticed a tengu warrior
 10816 | D:10     | Noticed peterlawrence's ghost (journeyman MiFi)
 11121 | D:8      | Killed Urug
 11775 | Lair:1   | Reached skill level 14 in Long Blades
 11915 | Lair:1   | Reached skill level 10 in Armour
 12062 | Lair:1   | Reached skill level 10 in Fighting
 12062 | Lair:1   | Reached XP level 12. HP: 18/106 MP: 13/16
 12075 | Lair:1   | HP: 4/106 [yak (4)]
 12623 | Lair:2   | Noticed a death yak
 12631 | Lair:2   | Received a gift from Okawaru
 12646 | Lair:2   | Killed a death yak
 12967 | Lair:2   | Reached skill level 15 in Long Blades
 13398 | Lair:2   | Noticed a death yak
 13413 | Lair:1   | Reached skill level 10 in Dodging
 13422 | Lair:1   | HP: 5/107 [poisoned by a cane toad]
 13732 | Lair:1   | Killed a death yak
 14087 | Lair:2   | Noticed a seven-headed hydra
 14356 | D:11     | Received a gift from Okawaru
 15057 | D:11     | HP: 4/110 [komodo dragon (19)]
 15592 | D:12     | Reached skill level 16 in Long Blades
 15602 | D:12     | Reached XP level 13. HP: 67/116 MP: 18/18
 16062 | D:12     | Noticed Kirke
 16074 | D:12     | Killed Kirke
 16643 | D:12     | Received a gift from Okawaru
 17209 | D:14     | Found a gate to the Vaults.
 18871 | Lair:2   | Reached skill level 17 in Long Blades
 18890 | Lair:2   | HP: 3/117 [seven-headed hydra (5)]
 18890 | Lair:2   | Slain by a seven-headed hydra

Illustrated notes

Levels and vault maps discovered:
D:1:      dpeg_arrival_signposts, layout_basic, serial_corexii_hall,
          corexii_hall_statues_x, corexii_hall_statues_i,
          chequers_hall_statues_corner_a, chequers_hall_statues_wall_a,
          minivault_14
D:2:      layout_rooms, serial_shops, nicolae_book_shop_shelving,
          minmay_pentomino_s2
D:3:      layout_basic, mainiacjoe_overflow_concentric_impassable,
          nemelex_spade_bored_becter, lemuel_round_altar, uniq_ijyb,
          uniq_grinder
D:4:      layout_cave_pools, temple_statues, kennysheep_path_1,
          nicolae_zig_zag_zippers, uniq_robin
D:5:      layout_rooms, kennysheep_slug_shrine,
          chequers_temple_overflow_statue_of_worship,
          mainiacjoe_overflow_alcove_2
D:6:      layout_cave_pools, lemuel_crystal_altar, mainiacjoe_overflow_alcove_4,
          nicolae_shop_fire_sale [nicolae_sub_dead_trees], kennysheep_diamond
D:7:      layout_basic, enter_bailey_3
D:8:      layout_rooms, david_lair_generic, serial_shops,
          nicolae_shop_pleasant_corner_grove, uniq_joseph
D:9:      layout_cave_pods, mainiacjoe_overflow_paths, amcnicky_altar_gilded,
          gammafunk_ghost_hive, abandoned_shop, grunt_decor_cap,
          david_defended_altar_orc
D:10:     layout_rooms, vehumet_statue, erik_orc_1, ebering_ghost_gozag,
          solitary_fountain, grunt_ministairs_7
D:11:     layout_loops_ring
D:12:     layout_irregular_city, nicolae_demonic_statue_gallery, uniq_kirke
D:13:     layout_long_grid, dreamdust_wishing_well
D:14:     layout_rooms, david_vaults_2, minivault_27, kennysheep_generic_room_7
Temple:   nicolae_temple_ecumenical_triangle
Lair:1:   layout_misc_corridors, minivault_23, st_stairs_10,
          infiniplex_staircase_pool_2, uniq_urug
Lair:2:   nzn_winding_woodlands_stair_trap [nzn_winding_woodlands_5x15_twine,
          nzn_winding_woodlands_5x15_pockets, nzn_winding_woodlands_5x15_cabin,
          nzn_winding_woodlands_15x15_boxy_spiral,
          nzn_winding_woodlands_5x15_longhouse,
          nzn_winding_woodlands_5x15_parted,
          nzn_winding_woodlands_5x15_river_crossing], layout_gridlike,
          alex1729_snake_entry_snake

Skill      XL: |  1  2  3  4  5  6  7  8  9 10 11 12 13 |
---------------+----------------------------------------+-----
Fighting       | 4 5 6 8 9 10 11 | 11.8
Long Blades    | 4 5 6 7 9 11 12 14 16 17 | 17.0
Armour         | 1 2 3 4 6 7 8 10 11 | 11.7
Dodging        | 4 5 7 8 9 10 11 | 11.2
Invocations    | 1 2 3 5 6 7 8 9 |  9.6
Stealth        | |  0.2

Action                     |  1- 3 |  4- 6 |  7- 9 | 10-12 | 13-15 || total
---------------------------+-------+-------+-------+-------+-------++-------
  Melee: Falchion          |    52 |       |    92 |    34 |       ||   178
         Headbutt          |    13 |    14 |    92 |   118 |    52 ||   289
         Punch             |     2 |       |     3 |     1 |       ||     6
         Scimitar          |    24 |   106 |   321 |    13 |       ||   464
         Great sword       |       |       |       |   481 |   202 ||   683
         Dagger            |       |       |       |       |     9 ||     9
 Invoke: Heroism           |       |       |     1 |     9 |     3 ||    13
         Finesse           |       |       |     1 |     2 |     1 ||     4
    Use: Scroll            |       |       |     4 |     2 |     5 ||    11
         Potion            |       |       |     1 |     4 |     2 ||     7
 Armour: Scale mail        |    21 |       |       |       |       ||    21
         Plate armour      |    43 |   110 |   344 |   191 |       ||   688
         Chain mail        |       |       |       |   257 |   257 ||   514
  Dodge: Dodged            |    46 |    63 |   196 |   362 |   282 ||   949
